 Dungeon Crawl Stone Soup version 0.31-a0-202-g547052bce9 (webtiles) character file.

Game seed: 13341260187545934841

403 qw the Skirmisher (level 6, 0/35 HPs)
             Began as a Deep Elf Hunter on June 26, 2023.
             Slain by a gnoll sergeant
             ... wielding a +0 trident
              (1 damage)
             ... on level 5 of the Dungeon.
             The game lasted 00:01:18 (3287 turns).

qw the Skirmisher (Deep Elf Hunter)                 Turns: 3287, Time: 00:01:19

Health: 0/35       AC:  5    Str: 10    XL:     6   Next: 55%
Magic:  0/8        EV: 13    Int: 14    God:
Gold:   256        SH:  0    Dex: 18    Spells: 5/5 levels left

rFire   + . .        Y - +1 shortbow
rCold   . . .        (shield currently unavailable)
rNeg    . . .        k - +2 leather armour {rF+}
rPois   .            (no helmet)
rElec   .            (no cloak)
rCorr   .            (no gloves)
SInv    .            (no boots)
Will    .....        b - amulet of guardian spirit
Stlth   ++           (no ring)
HPRegen 0.25/turn    (no ring)
MPRegen 0.11/turn

%: guardian spirit
@: about to teleport
A: no striking features
a: no special abilities


You were on level 5 of the Dungeon.
You visited 2 branches of the dungeon, and saw 6 of its levels.

You collected 256 gold pieces.


   Skills:
 - Level 2.2 Fighting
 + Level 9.8 Ranged Weapons
 - Level 3.2 Dodging
 - Level 1.2 Stealth


You had 5 spell levels left.
You didn't know any spells.
Your spell library was empty.

Inventory:

Hand Weapons
 Y - a +1 shortbow (weapon)
Armour
 f - a +0 ring mail
 k - a +2 leather armour of fire resistance (worn)
Jewellery
 b - an amulet of guardian spirit (around neck)
 c - an amulet of reflection
Scrolls
 g - a scroll of identify
Potions
 d - a potion of might
 h - a potion of curing {unknown}
 i - a potion of haste {unknown}
 j - a potion of magic {unknown}
 l - a potion of ambrosia {unknown}

Dungeon Overview and Level Annotations

Branches:
Dungeon (5/15)             Temple (1/1) D:4

Altars:
Ashenzari
Cheibriados
Dithmenos
Elyvilon
Fedhas
Gozag
Hepliaklqana
Kikubaaqudgha
Makhleb
Nemelex Xobeh
Qazlal
Ru
Trog
Uskayaw
Vehumet
Wu Jian
Xom
Yredelemnul
The Shining One


Message History

You shoot an arrow. The arrow hits the gnoll sergeant.
The gnoll sergeant is moderately wounded.
The gnoll sergeant hits you from afar with a +0 trident.
You shoot an arrow.
The arrow hits the gnoll sergeant but does no damage.
The gnoll sergeant is moderately wounded.
The gnoll sergeant closely misses you.
You shoot an arrow.
The arrow barely misses the gnoll sergeant.
The arrow hits the scorpion.
The scorpion is lightly wounded.
The gnoll sergeant misses you.
You shoot an arrow.
The arrow closely misses the gnoll sergeant.
The arrow closely misses the scorpion.
The gnoll sergeant hits you from afar with a +0 trident!
You shoot an arrow. The gnoll sergeant blocks the arrow.
You shoot an arrow. The arrow hits the gnoll sergeant.
The gnoll sergeant is moderately wounded.
The gnoll sergeant hits you from afar with a +0 trident!
You shoot an arrow.
The arrow hits the gnoll sergeant but does no damage.
The gnoll sergeant is moderately wounded.
The gnoll sergeant closely misses you.
You shoot an arrow. The arrow hits the gnoll sergeant.
The gnoll sergeant is moderately wounded.
The gnoll sergeant barely misses you.
You shoot an arrow. The gnoll sergeant blocks the arrow.
The gnoll sergeant closely misses you.
You shoot an arrow. The arrow hits the gnoll sergeant!
The gnoll sergeant is severely wounded.
The gnoll sergeant completely misses you.
You shoot an arrow. The arrow hits the gnoll sergeant!
The gnoll sergeant is almost dead.
The gnoll sergeant hits you from afar with a +0 trident!
3287 ||| READING scroll of teleportation.
As you read the scroll of teleportation, it crumbles to dust.
You feel strangely unstable.
The gnoll sergeant hits you from afar with a +0 trident.
You die...

.......## ..... .#
...)... ... .# gs...#
..# #g#).## ...##
#.....# #..# ##@....#
##. #.<## #.###...#
...# ##...####.# ...
#.. ##.....##.## .
#.##..#.......####
#..............)...#
##.......##..###...##
##....%.####..# #..#
........# #...# .##


You could see a gnoll sergeant, a scorpion and a gnoll.

Vanquished Creatures
  A scorpion (D:5)
  2 hounds (D:4)
  A sleepcap (D:4)
  3 iguanas
  A mummy (D:4)
  2 gnolls (D:5)
  7 adders
  A worm (D:2)
  2 dart slugs (D:1)
  2 orcs (D:4)
  7 endoplasms
  2 giant cockroaches
  6 goblins
  9 hobgoblins
  7 jackals
  5 kobolds
  8 quokkas
  4 ball pythons
  4 bats
  4 frilled lizards
  3 rats
81 creatures vanquished.

Notes
Turn   | Place    | Note
-------+----------+-------------------------------------------
     0 | D:1      | qw the Deep Elf Hunter began the quest for the Orb.
     0 | D:1      | Reached XP level 1. HP: 12/12 MP: 3/3
     0 | D:1      | 0 ||| qw: Version: 0.3-a-22-g0ed2b0b
     0 | D:1      | 0 ||| qw: Game counter: 6164
     0 | D:1      | 0 ||| qw: Melee chars always use a shield: true
     0 | D:1      | 0 ||| qw: God list: Okawaru
     0 | D:1      | 0 ||| qw: Allow faded altars: false
     0 | D:1      | 0 ||| qw: Do Orc after clearing Dungeon:15 true
     0 | D:1      | 0 ||| qw: Do second Lair branch before Depths: true
     0 | D:1      | 0 ||| qw: Lair rune preference: random
     0 | D:1      | 0 ||| qw: Goals: Normal
     0 | D:1      | 0 ||| PLANNING D:1-11
    31 | D:1      | HP: 2/12 [jackal (3)]
   109 | D:1      | Reached skill level 6 in Ranged Weapons
   109 | D:1      | Reached XP level 2. HP: 16/16 MP: 4/4
   135 | D:1      | Found a faded altar of an unknown god.
   565 | D:1      | 565 ||| READING scroll labelled WYLENI QAAWK.
   666 | D:1      | 666 ||| READING scroll labelled NISAUSU WINK.
   667 | D:1      | 667 ||| READING scroll labelled DIMEYW JUCVUDOC.
   668 | D:1      | 668 ||| READING scroll labelled QUUNGA BIRINO.
   669 | D:1      | 669 ||| READING scroll labelled BISIZX BASERE.
   670 | D:1      | 670 ||| READING scroll labelled SAOJ EBBEUFYLU.
   671 | D:1      | 671 ||| READING scroll labelled KIAFAZOEGE.
   672 | D:1      | 672 ||| DROPPING scroll of butterflies.
   700 | D:2      | Reached XP level 3. HP: 20/20 MP: 5/5
   741 | D:2      | 741 ||| FLEEEEING.
   742 | D:2      | 742 ||| FLEEEEING.
   743 | D:2      | 743 ||| FLEEEEING.
   744 | D:2      | 744 ||| FLEEEEING.
   745 | D:2      | 745 ||| FLEEEEING.
   750 | D:2      | 750 ||| FLEEEEING.
   751 | D:2      | 751 ||| FLEEEEING.
   752 | D:2      | 752 ||| STAIRDANCE
   780 | D:1      | 780 ||| UPGRADING to amulet of guardian spirit.
   785 | D:1      | 785 ||| READING scroll labelled LIEROJ LULATT.
   868 | D:2      | Reached skill level 7 in Ranged Weapons
  1064 | D:2      | Reached XP level 4. HP: 25/25 MP: 6/6
  1221 | D:2      | 1221 ||| UPGRADING to +0 ring mail.
  1231 | D:2      | 1231 ||| DROPPING +0 leather armour.
  1334 | D:3      | Found a hazy altar of Hepliaklqana.
  2024 | D:3      | 2024 ||| UPGRADING to +2 leather armour of fire resistance.
  2034 | D:3      | 2034 ||| READING scroll labelled UMACLATRUM.
  2069 | D:3      | 2069 ||| READING scroll labelled JAYZIDGHE RICI.
  2070 | D:3      | 2070 ||| READING scroll labelled ATIWKA IREIWNE.
  2074 | D:3      | 2074 ||| READING scroll labelled BOSOKHL BOASK.
  2075 | D:3      | 2075 ||| DRINKING 2 viscous sapphire potions.
  2076 | D:3      | 2076 ||| READING 3 scrolls of identify.
  2076 | D:3      | 2076 ||| IDENTIFYING grey potion
  2077 | D:3      | 2077 ||| READING 2 scrolls of identify.
  2077 | D:3      | 2077 ||| IDENTIFYING bubbling emerald potion
  2078 | D:3      | 2078 ||| DROPPING potion of invisibility.
  2079 | D:3      | 2079 ||| DROPPING potion of lignification.
  2181 | D:4      | Reached skill level 8 in Ranged Weapons
  2272 | D:4      | Found a snail-covered altar of Cheibriados.
  2282 | D:4      | Reached XP level 5. HP: 29/29 MP: 7/7
  2324 | D:4      | Reached skill level 9 in Ranged Weapons
  2545 | D:4      | Reached skill level 3 in Dodging
  2610 | D:4      | Found a staircase to the Ecumenical Temple.
  2611 | D:4      | 2611 ||| PLANNING TEMPLE
  2619 | Temple   | Entered the Ecumenical Temple
  2791 | Temple   | 2791 ||| PLANNING D:1-11
  3066 | D:4      | Found a hide-covered altar of Uskayaw.
  3123 | D:4      | Reached XP level 6. HP: 35/35 MP: 8/8
  3218 | D:5      | Entered Level 5 of the Dungeon
  3286 | D:5      | HP: 1/35 [gnoll sergeant/+0 trident (9)]
  3287 | D:5      | 3287 ||| READING scroll of teleportation.
  3287 | D:5      | Slain by a gnoll sergeant

Levels and vault maps discovered:
D:1:      mainiacjoe_arrival_reflecting_pool, layout_basic,
          shapermc_ecumenical_altar_rom_forum, nicolae_wormholes
D:2:      layout_rooms
D:3:      layout_loops_corners, overflow_temple_1_default
D:4:      layout_loops_corners, nicolae_uskayaw_murder_on_the_dancefloor,
          slow_altar_1, minmay_temple_entry_antechambers
D:5:      layout_layer_cave, zin_academy, uniq_eustachio
Temple:   compressed_dpeg_triangle_lava_temple

Skill      XL: |  1  2  3  4  5 |
---------------+----------------+-----
Ranged Weapons | 6 7 8 9 |  9.8
Dodging        | 3 |  3.2
Fighting       | 2 |  2.2
Stealth        | |  1.2

Action                     |  1- 3 |  4- 6 || total
---------------------------+-------+-------++-------
   Fire: Shortbow          |   122 |   172 ||   294
    Use: Scroll            |     8 |     7 ||    15
         Potion            |       |     1 ||     1
 Armour: Leather armour    |    11 |    12 ||    23
         Ring mail         |       |     6 ||     6
  Dodge: Dodged            |    51 |    51 ||   102

Table legend:
 A = Non-vault XP
 B = Vault XP
 C = Vault XP percentage of total XP
 D = Non-vault monster count
 E = Vault monster count
 F = Vault count percentage of total count
                 A         B        C        D         E       F
            +---------+---------+-------+---------+---------+-------
      Total |     554 |      23 |   4.0 |      79 |       2 |   2.5
            +---------+---------+-------+---------+---------+-------
        D:1 |      36 |       0 |   0.0 |      19 |       0 |   0.0
        D:2 |      60 |       5 |   7.7 |      22 |       1 |   4.3
        D:3 |      35 |       0 |   0.0 |      13 |       0 |   0.0
        D:4 |     265 |      18 |   6.4 |      20 |       1 |   4.8
        D:5 |     158 |       0 |   0.0 |       5 |       0 |   0.0
            +---------+---------+-------+---------+---------+-------
